| TOP OF THE 1ST |
|
Seattle Pilots batting - Pitching for Los Angeles Dodgers : LHP Bill Pulsipher
|
|
Pitching: LHP Bill Pulsipher
|
|
|
Batting: SHB Pat Listach
|
0-0: Ball 1-0: Called Strike 1-1: Ball 2-1: Ball 3-1: Fly out, F8 (Line Drive, 8RD, EV 93.1 MPH)
|
|
Batting: RHB Dante Bichette
|
0-0: Foul Ball, location: 2F 0-1: Ball 1-1: Ball 2-1: Ball 3-1: Base on Balls
|
|
Batting: RHB Edgar Martinez
|
0-0: Ball 1-0: Foul Ball, location: 2F 1-1: Ball 2-1: Called Strike 2-2: Strikes out swinging
|
|
Batting: LHB Ken Griffey Jr.
|
0-0: Called Strike 0-1: Swinging Strike 0-2: Ball 1-2: Strikes out swinging
|
| Top of the 1st over - 0 runs, 0 hits, 0 errors, 1 left on base; Seattle 0 - Los Angeles 0 |
| BOTTOM OF THE 1ST |
|
Los Angeles Dodgers batting - Pitching for Seattle Pilots : LHP David West
|
|
Pitching: LHP David West
|
|
|
Batting: RHB Brian L Hunter
|
0-0: Called Strike 0-1: Fly out, F9 (Flyball, 89M, EV 96.3 MPH)
|
|
Batting: RHB Homer Bush
|
0-0: Called Strike 0-1: Swinging Strike 0-2: SINGLE (Groundball, 34D, EV 103.1 MPH)
|
|
Batting: LHB Shawn Green
|
0-0: Ball 1-0: Fly out, F2 (Popup, 25F, EV 90.6 MPH)
|
|
Batting: LHB Ryan Klesko
|
0-0: Ball 1-0: Ball 2-0: Ball 3-0: Base on Balls Homer Bush to second
|
|
Batting: RHB Chris Brown
|
0-0: Called Strike 0-1: Foul Ball, location: 2F 0-2: Ball 1-2: Ball 2-2: Ball 3-2: Strikes out swinging
|
| Bottom of the 1st over - 0 runs, 1 hit, 0 errors, 2 left on base; Seattle 0 - Los Angeles 0 |
| TOP OF THE 2ND |
|
Seattle Pilots batting - Pitching for Los Angeles Dodgers : LHP Bill Pulsipher
|
|
Batting: SHB Bill R Mueller
|
0-0: Swinging Strike 0-1: Ball 1-1: Ball 2-1: Ball 3-1: Called Strike 3-2: Fly out, F7 (Flyball, 7S, EV 84.4 MPH)
|
|
Batting: LHB J.T. Snow
|
0-0: Foul Ball, location: 2F 0-1: Ball 1-1: Fly out, F8 (Flyball, 89M, EV 85.6 MPH)
|
|
Batting: LHB Marvin Benard
|
0-0: Called Strike 0-1: Swinging Strike 0-2: Ball 1-2: Strikes out swinging
|
| Top of the 2nd over - 0 runs, 0 hits, 0 errors, 0 left on base; Seattle 0 - Los Angeles 0 |
| BOTTOM OF THE 2ND |
|
Los Angeles Dodgers batting - Pitching for Seattle Pilots : LHP David West
|
|
Batting: LHB Rafael Palmeiro
|
0-0: Called Strike 0-1: Ball 1-1: Ball 2-1: Ball 3-1: Ground out 4-3 (Groundball, 34, EV 88.8 MPH)
|
|
Batting: RHB Torii Hunter
|
0-0: Ball 1-0: Ball 2-0: Called Strike 2-1: Swinging Strike 2-2: Ball 3-2: Ground out 6-3 (Groundball, 6S, EV 88.1 MPH)
|
|
Batting: LHB Scott Hatteberg
|
0-0: Ground out 1-3 (Groundball, 13, EV 67.5 MPH)
|
| Bottom of the 2nd over - 0 runs, 0 hits, 0 errors, 0 left on base; Seattle 0 - Los Angeles 0 |
| TOP OF THE 3RD |
|
Seattle Pilots batting - Pitching for Los Angeles Dodgers : LHP Bill Pulsipher
|
|
Batting: SHB Mark McLemore
|
0-0: Ball 1-0: Ball 2-0: TRIPLE (Line Drive, 8LXD, EV 103.8 MPH)
|
|
Batting: RHB Francisco Cabrera
|
0-0: SINGLE (Groundball, 6MD, EV 100.0 MPH) Mark McLemore scores
|
|
Batting: SHB Pat Listach
|
0-0: Bunt missed! 0-1: Bunt missed! 0-2: Ball 1-2: Foul Ball, location: 2F 1-2: Strikes out looking
|
|
Batting: RHB Dante Bichette
|
0-0: Ball 1-0: Ball 2-0: Called Strike 2-1: Ball 3-1: Base on Balls Francisco Cabrera to second
|
|
Batting: RHB Edgar Martinez
|
0-0: Ball 1-0: Ball 2-0: Ball 3-0: Base on Balls Francisco Cabrera to third Dante Bichette to second
|
|
Batting: LHB Ken Griffey Jr.
|
0-0: Called Strike 0-1: Swinging Strike 0-2: Ball 1-2: Foul Ball, location: 2F 1-2: Foul Ball, location: 2F 1-2: Ball 2-2: Foul Ball, location: 2F 2-2: Foul Ball, location: 2F 2-2: SINGLE (Line Drive, 89S, EV 101.9 MPH) Francisco Cabrera scores Dante Bichette to third Edgar Martinez to second Runner from 3rd tries for Home, SAFE, no throw by CF
|
|
Batting: SHB Bill R Mueller
|
0-0: Fly out, F8 (Flyball, 8LD, EV 103.1 MPH)
|
|
Batting: LHB J.T. Snow
|
0-0: Swinging Strike 0-1: Ball 1-1: Swinging Strike 1-2: Ball 2-2: Strikes out swinging
|
| Top of the 3rd over - 3 runs, 3 hits, 0 errors, 2 left on base; Seattle 3 - Los Angeles 0 |
| BOTTOM OF THE 3RD |
|
Los Angeles Dodgers batting - Pitching for Seattle Pilots : LHP David West
|
|
Batting: SHB Jerry Browne
|
0-0: Ball 1-0: Ground out 5-3 (Groundball, 5L, EV 98.1 MPH)
|
|
Batting: RHB Brian L Hunter
|
0-0: Ball 1-0: Ball 2-0: Ground out 6-3 (Groundball, 6, EV 86.9 MPH)
|
|
Batting: RHB Homer Bush
|
0-0: Ball 1-0: Called Strike 1-1: Called Strike 1-2: Ball 2-2: Foul Ball, location: 2F 2-2: Foul Ball, location: 2F 2-2: Strikes out swinging
|
| Bottom of the 3rd over - 0 runs, 0 hits, 0 errors, 0 left on base; Seattle 3 - Los Angeles 0 |
| TOP OF THE 4TH |
|
Seattle Pilots batting - Pitching for Los Angeles Dodgers : LHP Bill Pulsipher
|
|
Batting: LHB Marvin Benard
|
0-0: Ball 1-0: Called Strike 1-1: Called Strike 1-2: Ball 2-2: Foul Ball, location: 2F 2-2: Ground out 5-3 (Groundball, 56S, EV 91.3 MPH)
|
|
Batting: SHB Mark McLemore
|
0-0: Called Strike 0-1: Foul Ball, location: 2F 0-2: Ground out 5-3 (Groundball, 56S, EV 88.8 MPH)
|
|
Batting: RHB Francisco Cabrera
|
0-0: Called Strike 0-1: Ball 1-1: Swinging Strike 1-2: Ground out U3 (Groundball, 3L, EV 86.3 MPH)
|
| Top of the 4th over - 0 runs, 0 hits, 0 errors, 0 left on base; Seattle 3 - Los Angeles 0 |
| BOTTOM OF THE 4TH |
|
Los Angeles Dodgers batting - Pitching for Seattle Pilots : LHP David West
|
|
Batting: LHB Shawn Green
|
0-0: Swinging Strike 0-1: DOUBLE (Line Drive, 9LS, EV 105.6 MPH)
|
|
Batting: LHB Ryan Klesko
|
0-0: Called Strike 0-1: Foul Ball, location: 2F 0-2: Ball 1-2: Ball 2-2: Ground out 2-3 (Groundball, 13S, EV 73.1 MPH) Shawn Green to third
|
|
Batting: RHB Chris Brown
|
0-0: Called Strike 0-1: Ball 1-1: Called Strike 1-2: Ball 2-2: DOUBLE (Flyball, 89XD, EV 109.4 MPH) Shawn Green scores
|
|
Batting: LHB Rafael Palmeiro
|
0-0: Fly out, F7 (Flyball, 78S, EV 92.5 MPH)
|
|
Batting: RHB Torii Hunter
|
0-0: Called Strike 0-1: Ball 1-1: SINGLE (Groundball, 5, EV 81.9 MPH) (infield hit) Chris Brown to third
|
|
Batting: LHB Scott Hatteberg
|
0-0: Called Strike 0-1: Foul Ball, location: 2F 0-2: Foul Ball, location: 2F 0-2: Ball 1-2: Strikes out swinging
|
| Bottom of the 4th over - 1 run, 3 hits, 0 errors, 2 left on base; Seattle 3 - Los Angeles 1 |
| TOP OF THE 5TH |
|
Seattle Pilots batting - Pitching for Los Angeles Dodgers : LHP Bill Pulsipher
|
|
Batting: SHB Pat Listach
|
0-0: Called Strike 0-1: Ball 1-1: Swinging Strike 1-2: Ball 2-2: Foul Ball, location: 2F 2-2: Strikes out swinging
|
|
Batting: RHB Dante Bichette
|
0-0: Called Strike 0-1: Called Strike 0-2: Ball 1-2: Strikes out swinging
|
|
Batting: RHB Edgar Martinez
|
0-0: Ball 1-0: Ball 2-0: Ball 3-0: Foul Ball, location: 2F 3-1: Base on Balls
|
|
Batting: LHB Ken Griffey Jr.
|
0-0: Called Strike 0-1: Ball 1-1: Ball 2-1: Ball 3-1: Base on Balls Edgar Martinez to second
|
|
Batting: SHB Bill R Mueller
|
0-0: Swinging Strike 0-1: Ball 1-1: SINGLE (Groundball, 4D, EV 102.5 MPH) Edgar Martinez to third Ken Griffey Jr. to second Runner from 3rd tries for Home, SAFE, no throw by RF
|
|
Batting: LHB J.T. Snow
|
0-0: Called Strike 0-1: Ball 1-1: Swinging Strike 1-2: Strikes out looking
|
| Top of the 5th over - 1 run, 1 hit, 0 errors, 2 left on base; Seattle 4 - Los Angeles 1 |
| BOTTOM OF THE 5TH |
|
Los Angeles Dodgers batting - Pitching for Seattle Pilots : LHP David West
|
|
Batting: SHB Jerry Browne
|
0-0: Ball 1-0: Called Strike 1-1: TRIPLE (Line Drive, 9LD, EV 106.3 MPH)
|
|
Batting: RHB Brian L Hunter
|
0-0: Ball 1-0: Called Strike 1-1: Called Strike 1-2: Ball 2-2: Foul Ball, location: 2F 2-2: Ball 3-2: Base on Balls
|
|
Batting: RHB Homer Bush
|
0-0: Swinging Strike 0-1: Ball 1-1: Ball 2-1: Ball 3-1: Foul Ball, location: 2F 3-2: Base on Balls Brian L Hunter to second
|
|
Batting: LHB Shawn Green
|
0-0: Hit by Pitch Jerry Browne scores Brian L Hunter to third Homer Bush to second
|
|
Batting: LHB Ryan Klesko
|
0-0: Called Strike 0-1: Foul Ball, location: 2F 0-2: Ball 1-2: Strikes out swinging
|
|
Batting: RHB Chris Brown
|
0-0: Ball 1-0: Foul Ball, location: 2F 1-1: Ball 2-1: Called Strike 2-2: Ball 3-2: Fly out, F9 (Flyball, 9S, EV 82.5 MPH)
|
|
Batting: LHB Rafael Palmeiro
|
0-0: Ball 1-0: Foul Ball, location: 2F 1-1: Called Strike 1-2: Foul Ball, location: 2F 1-2: Ground out U3 (Groundball, 34, EV 82.5 MPH)
|
| Bottom of the 5th over - 1 run, 1 hit, 0 errors, 3 left on base; Seattle 4 - Los Angeles 2 |
| TOP OF THE 6TH |
|
Seattle Pilots batting - Pitching for Los Angeles Dodgers : LHP Bill Pulsipher
|
|
Batting: LHB Marvin Benard
|
0-0: Foul Ball, location: 2F 0-1: Ball 1-1: Foul Ball, location: 2F 1-2: Ball 2-2: Fly out, F7 (Line Drive, 7D, EV 91.9 MPH)
|
|
Batting: SHB Mark McLemore
|
0-0: Swinging Strike 0-1: Ball 1-1: Ball 2-1: Fly out, F2 (Popup, 2R, EV 93.8 MPH)
|
|
Batting: RHB Francisco Cabrera
|
0-0: Foul Ball, location: 2F 0-1: Ball 1-1: Ball 2-1: Foul Ball, location: 2F 2-2: Ground out 4-3 (Groundball, 4M, EV 93.8 MPH)
|
| Top of the 6th over - 0 runs, 0 hits, 0 errors, 0 left on base; Seattle 4 - Los Angeles 2 |
| BOTTOM OF THE 6TH |
|
Los Angeles Dodgers batting - Pitching for Seattle Pilots : LHP David West
|
|
Batting: RHB Torii Hunter
|
0-0: Ball 1-0: Ball 2-0: Ball 3-0: Base on Balls
|
|
Pitching: RHP Jose Lima
|
|
|
Batting: LHB Scott Hatteberg
|
0-0: Swinging Strike Torii Hunter steals 2nd, throwing error, E2 Torii Hunter to third 0-1: Ball 1-1: Fly out, F8 (Line Drive, 8LM, EV 107.5 MPH) Runner from 3rd tags up, SCORES, no throw by CF
|
|
Batting: SHB Jerry Browne
|
0-0: Ball 1-0: Bunted foul 1-1: Ball 2-1: Foul Ball, location: 2F 2-2: Strikes out swinging
|
|
Batting: RHB Brian L Hunter
|
0-0: Called Strike 0-1: Ball 1-1: Ground out 1-3 (Groundball, 15S, EV 68.8 MPH)
|
| Bottom of the 6th over - 1 run, 0 hits, 1 error, 0 left on base; Seattle 4 - Los Angeles 3 |
| TOP OF THE 7TH |
|
Seattle Pilots batting - Pitching for Los Angeles Dodgers : LHP Bill Pulsipher
|
|
Batting: SHB Pat Listach
|
0-0: Ball 1-0: Ball 2-0: Ball 3-0: Called Strike 3-1: Called Strike 3-2: Base on Balls
|
|
Pitching: LHP Scott Radinsky
|
|
|
Batting: RHB Dante Bichette
|
0-0: Ball 1-0: Foul Ball, location: 2F 1-1: Fly out, F8 (Flyball, 8RXD, EV 78.1 MPH)
|
|
Batting: RHB Edgar Martinez
|
0-0: Ball 1-0: Ball 2-0: Ball 3-0: Foul Ball, location: 2F 3-1: Called Strike 3-2: TRIPLE (Line Drive, 7D, EV 101.3 MPH) Pat Listach scores
|
|
Batting: LHB Ken Griffey Jr.
|
0-0: Foul Ball, location: 2F 0-1: Ball 1-1: Fly out, F8 (Flyball, 8RD, EV 96.3 MPH) Runner from 3rd tags up, SCORES, no throw by CF
|
|
Batting: SHB Bill R Mueller
|
0-0: Fly out, F1 (Line Drive, P, EV 63.8 MPH)
|
| Top of the 7th over - 2 runs, 1 hit, 0 errors, 0 left on base; Seattle 6 - Los Angeles 3 |
| BOTTOM OF THE 7TH |
|
Los Angeles Dodgers batting - Pitching for Seattle Pilots : RHP Jose Lima
|
|
Batting: RHB Homer Bush
|
0-0: Called Strike 0-1: Ground out 5-3 (Groundball, 5, EV 79.4 MPH)
|
|
Batting: LHB Shawn Green
|
0-0: Ball 1-0: Called Strike 1-1: Fly out, F8 (Line Drive, 8RS, EV 89.4 MPH)
|
|
Batting: LHB Ryan Klesko
|
0-0: Ball 1-0: Ball 2-0: Called Strike 2-1: Foul Ball, location: 2F 2-2: Strikes out swinging
|
| Bottom of the 7th over - 0 runs, 0 hits, 0 errors, 0 left on base; Seattle 6 - Los Angeles 3 |
| TOP OF THE 8TH |
|
Seattle Pilots batting - Pitching for Los Angeles Dodgers : LHP Scott Radinsky
|
|
Batting: LHB J.T. Snow
|
0-0: Ball 1-0: Ball 2-0: Ball 3-0: Called Strike 3-1: Foul Ball, location: 2F 3-2: Base on Balls
|
|
Batting: LHB Marvin Benard
|
0-0: Called Strike 0-1: Bunt missed! 0-2: Fly out, F8 (Flyball, 78D, EV 90.6 MPH)
|
|
Batting: SHB Mark McLemore
|
0-0: Fly out, F8 (Flyball, 8RD, EV 105.0 MPH)
|
|
Batting: RHB Francisco Cabrera
|
0-0: Called Strike 0-1: Ball 1-1: Ball 2-1: Foul Ball, location: 2F 2-2: SINGLE (Flyball, 89M, EV 92.5 MPH) J.T. Snow to second Runner from 2nd tries for 3rd, SAFE, throw by RF made to third
|
|
Batting: SHB Pat Listach
|
0-0: Swinging Strike 0-1: Foul Ball, location: 2F 0-2: Foul Ball, location: 2F 0-2: Foul Ball, location: 2F 0-2: Foul Ball, location: 2F 0-2: Ball 1-2: Ball 2-2: Ball 3-2: Strikes out swinging
|
| Top of the 8th over - 0 runs, 1 hit, 0 errors, 2 left on base; Seattle 6 - Los Angeles 3 |
| BOTTOM OF THE 8TH |
|
Los Angeles Dodgers batting - Pitching for Seattle Pilots : RHP Jose Lima
|
|
Batting: RHB Chris Brown
|
0-0: Foul Ball, location: 2F 0-1: Ground out 5-3 (Groundball, 5, EV 105.0 MPH)
|
|
Batting: LHB Rafael Palmeiro
|
0-0: Called Strike 0-1: SINGLE (Line Drive, 7S, EV 111.3 MPH)
|
|
Batting: RHB Torii Hunter
|
0-0: Fly out, F8 (Flyball, 8RXD, EV 95.6 MPH)
|
|
Batting: LHB Scott Hatteberg
|
0-0: Ball 1-0: Called Strike 1-1: Swinging Strike 1-2: SINGLE (Groundball, 3D, EV 103.1 MPH) Rafael Palmeiro to second Runner from 2nd tries for 3rd, SAFE, throw by RF made to third
|
|
Batting: SHB Jerry Browne
|
0-0: Ball 1-0: Called Strike 1-1: Called Strike 1-2: Ball 2-2: Ball 3-2: Foul Ball, location: 2F 3-2: Strikes out swinging
|
| Bottom of the 8th over - 0 runs, 2 hits, 0 errors, 2 left on base; Seattle 6 - Los Angeles 3 |
| TOP OF THE 9TH |
|
Seattle Pilots batting - Pitching for Los Angeles Dodgers : LHP Scott Radinsky
|
|
Batting: RHB Dante Bichette
|
0-0: Called Strike 0-1: Ground out 1-3 (Groundball, 34S, EV 86.3 MPH)
|
|
Batting: RHB Edgar Martinez
|
0-0: Ball 1-0: Ball 2-0: Ball 3-0: Base on Balls
|
|
Pitching: RHP Ramiro Mendoza
|
|
|
Batting: LHB Ken Griffey Jr.
|
0-0: Called Strike 0-1: Ball 1-1: Ball 2-1: Fly out, F3 (Line Drive, 3, EV 72.5 MPH)
|
|
Batting: SHB Bill R Mueller
|
0-0: Ball 1-0: Foul Ball, location: 2F 1-1: Ball 2-1: Ball 3-1: Foul Ball, location: 2F 3-2: Strikes out looking
|
| Top of the 9th over - 0 runs, 0 hits, 0 errors, 1 left on base; Seattle 6 - Los Angeles 3 |
| BOTTOM OF THE 9TH |
|
Los Angeles Dodgers batting - Pitching for Seattle Pilots : RHP Jose Lima
|
|
Batting: RHB Brian L Hunter
|
0-0: Ball 1-0: Called Strike 1-1: Ball 2-1: Ball 3-1: Swinging Strike 3-2: Foul Ball, location: 2F 3-2: Fly out, F7 (Flyball, 78M, EV 91.9 MPH)
|
|
Batting: RHB Homer Bush
|
0-0: Fly out, F8 (Line Drive, 8RM, EV 85.0 MPH)
|
|
Batting: LHB Shawn Green
|
0-0: Ball 1-0: Swinging Strike 1-1: Ball 2-1: SOLO HOME RUN (Flyball, 9D, EV 94.4 MPH), Distance : 382 ft
|
|
Batting: LHB Ryan Klesko
|
0-0: Called Strike 0-1: Ball 1-1: Called Strike 1-2: Ball 2-2: Ball 3-2: Base on Balls
|
|
Pitching: RHP Darren Holmes
|
|
|
Now at SS: Aaron Ledesma
|
|
|
Now in LF: Scott Bullett
|
|
|
Batting: RHB Chris Brown
|
0-0: Fielders Choice at 2nd, U6 (Groundball, 6M, EV 103.8 MPH)
|
| Bottom of the 9th over - 1 run, 1 hit, 0 errors, 1 left on base; Seattle 6 - Los Angeles 4 |
|